 Dungeon Crawl Stone Soup version 0.31.0-11-ge490571c62 (webtiles) character file.

Game seed: 15090098254154504825

3279 Aldia the Summoner (level 9, -6/42 HPs)
             Began as a Felid Summoner on Feb 7, 2024.
             Was a Believer of Elyvilon.
             Mangled by an orc warrior
             ... wielding a +0 glaive
              (18 damage)
             ... on level 8 of the Dungeon.
             The game lasted 00:29:55 (8475 turns).

Aldia the Summoner (Felid Summoner)                 Turns: 8475, Time: 00:29:56

Health: -6/42      AC:  2    Str:  4    XL:     9   Next: 69%
Magic:  20/20      EV: 24    Int: 29    God:    Elyvilon [**....]
Gold:   487        SH:  0    Dex: 17    Spells: 7/21 levels left
                                        Lives:  0   Deaths: 3

rFire   . . .        (weapon unavailable)
rCold   . . .        (shield unavailable)
rNeg    . . .        (body armour unavailable)
rPois   .            (helmet unavailable)
rElec   .            (cloak unavailable)
rCorr   .            (gloves unavailable)
SInv    +            (boots unavailable)
Will    +....        k - amulet of magic regeneration
Stlth   +++          x - +5 ring of evasion
HPRegen 0.27/turn    B - +6 ring of intelligence
MPRegen 0.57/turn

%: no passive effects
@: inugami summoned
A: very small, claws 1, fangs 3, see invisible, shaggy fur 2, stealthy paws, no
weapons or thrown items, no armour, multi-lived
a: Renounce Religion, Purification, Heal Other


You were on level 8 of the Dungeon.
You worshipped Elyvilon.
Elyvilon was pleased with you.
You visited 2 branches of the dungeon, and saw 9 of its levels.
You also visited: Bailey.

You collected 487 gold pieces.

Inventory:

Jewellery
 g - a ring of fire
 k - an amulet of magic regeneration (around neck)
 x - a +5 ring of evasion (left paw)
 y - a +6 ring of dexterity
 B - a +6 ring of intelligence (right paw)
Talismans
 i - a granite talisman
 l - a storm talisman
Wands
 t - a wand of paralysis (2)
Scrolls
 b - a scroll of noise {unknown}
 c - 3 scrolls of teleportation
 h - a scroll of immolation {unknown}
 n - a scroll of enchant weapon {unknown}
 q - a scroll of brand weapon {unknown}
 r - a scroll of poison {unknown}
 u - 2 scrolls of amnesia {unknown}
 v - a scroll of vulnerability {unknown}
 z - a scroll of fear {unknown}
 A - a scroll of torment {unknown}
Potions
 a - a potion of magic
 d - a potion of ambrosia
 e - 4 potions of curing
 f - a potion of heal wounds
 j - 2 potions of haste
 m - 4 potions of lignification
 o - 3 potions of mutation
 p - a potion of enlightenment
 s - a potion of resistance
 w - a potion of berserk rage


   Skills:
 - Level 2.2 Fighting
 + Level 4.8 Dodging
 + Level 5.2 Stealth
 + Level 6.6 Spellcasting
 + Level 8.0 Summonings
 - Level 5.0 Fire Magic
 + Level 2.7 Air Magic
 - Level 5.0 Evocations


You had 7 spell levels left.
You knew the following spells:

 Your Spells              Type           Power      Damage    Failure   Level
a - Summon Small Mammal   Summ           100%       N/A       1%          1
b - Call Imp              Summ           100%       N/A       1%          2
c - Call Canine Familiar  Summ           54%        N/A       1%          3
d - Summon Blazeheart Go  Fire/Summ      47%        N/A       3%          4
e - Summon Lightning Spi  Summ/Air       41%        N/A       6%          4

Your spell library contained the following spells:

 Spells                   Type           Power      Damage    Failure   Level
 Shock                    Conj/Air       68%        1d7       3%          1
 Swiftness                Air            25%        N/A       5%          3
 Inner Flame              Hex/Fire       24%        N/A       6%          3
 Airstrike                Air            12%        2d(2-18)  17%         4
 Irradiate                Conj/Alch      4%         3d13      83%         5
 Ignition                 Fire           19%        3d7       100%        8


Dungeon Overview and Level Annotations

Branches:
Dungeon (8/15)             Temple (1/1) D:6          Bailey (visited)
   Lair: D:8-11

Altars:
Ashenzari
Cheibriados
Dithmenos
Elyvilon
Fedhas
Gozag
Hepliaklqana
Kikubaaqudgha
Makhleb
Nemelex Xobeh
Okawaru
Qazlal
Ru
Sif Muna
Trog
Uskayaw
Vehumet
Wu Jian
Xom
Yredelemnul
Zin
The Shining One

Shops:
D:8 *

Annotations:
D:8 2 transporters, Derpydoo's ghost, novice MiFi


Innate Abilities, Weirdness & Mutations

You have sharp claws.
You have razor-sharp teeth.
You have supernaturally acute eyesight. (SInv)
You are covered in thick fur. (AC +2)
Your paws help you pounce on unaware monsters.
You are incapable of wielding weapons or throwing items.
You cannot wear armour.
You gain extra lives every three experience levels.


Message History

Your blazeheart golem punches the orc wizard.
Your blazeheart golem's core grows cold and it stops moving.
You scratch the orc wizard.
The orc wizard is heavily wounded.
The orc wizard barely misses you. The orc warrior completely misses you.
Your inugami hits the orc warrior. You closely miss the orc wizard.
You bite the orc wizard.
The orc wizard is almost dead.
The orc wizard completely misses you.
The orc warrior hits you from afar with a +0 glaive!
Your inugami hits the orc warrior. You scratch the orc wizard.
The orc wizard is almost dead.
The orc wizard hits you with a +0 dagger.
The orc warrior misses you.
Your inugami hits the orc warrior!
Your blazeheart golem's core flares to life once more.
The orc wizard completely misses you.
The orc warrior hits you with a +0 glaive!
* * * LOW HITPOINT WARNING * * *
Your inugami barely misses the orc warrior.
Your blazeheart golem punches the orc wizard but does no damage.
The orc wizard casts a spell.
The orc wizard flickers and vanishes for a moment.
The orc warrior completely misses you.
Your inugami hits the orc warrior.
Unknown command.
The orc wizard hits your blazeheart golem but does no damage.
The orc warrior misses you.
Your inugami closely misses the orc warrior.
The orc wizard hits your blazeheart golem but does no damage.
The orc warrior misses you.
Your inugami hits the orc warrior but does no damage.
The orc wizard hits your blazeheart golem but does no damage.
The orc warrior barely misses you.
Your inugami hits the orc warrior.
The orc wizard hits your blazeheart golem but does no damage.
The orc warrior hits you from afar with a +0 glaive!!
Elyvilon protects you from harm!
Your inugami barely misses the orc warrior.
The orc wizard hits your blazeheart golem but does no damage.
The orc warrior hits you from afar with a +0 glaive!!
You die...

#..©#?...©....#©....###.
#...#....[....#.........
#...#..#...#..#..#..###.
##...#8.T#.#..8#.........
##....##BWhYo..##..#..####
#[.)...#########...#......
#.÷.)................#####
#.................#### ###
##...[ho9@###*###** #..
#......o.## #.#
##.##.##.## #.#
##..##.##.########### #.#
#).##*.##...........# #.#
#.## *#####.###.###.# #.#
#.# ♣♣§## #.# #.# #<# #..
#.#♣♣§♣.###.# #.# #.# #.#
#.#♣...♣#...# #.#
#.######.#


You could see a boulder beetle, a troll, 2 orc warriors, a sky beast, a howler
monkey, an orc wizard (invisible), Derpydoo's ghost, a friendly blazeheart golem
(summoned) and a friendly inugami (summoned).

Vanquished Creatures
  An orc knight (Bailey)
  An orc warrior (Bailey)
  An ice beast (D:8)
  A kobold brigand (D:8)
  A bullfrog (D:7)
  4 killer bees (D:8)
  A white imp (D:8)
  2 dart slugs
  2 orcs (D:4)
  2 ball pythons
  5 endoplasms
  4 giant cockroaches
  A goblin (D:1)
  4 hobgoblins
  A jackal (D:5)
  3 kobolds
  4 quokkas
  4 bats
  4 frilled lizards
  A rat (D:1)
47 creatures vanquished.

Vanquished Creatures (collateral kills)
  A water moccasin (D:8)
  A sky beast (D:6)
  4 black bears
  3 orc warriors (Bailey)
  An ogre (D:6)
  A centaur (D:7)
  3 bullfrogs
  A scorpion (D:4)
  2 wights (D:8)
  5 killer bees (D:8)
  A howler monkey (D:5)
  A bombardier beetle (D:4)
  A jelly (D:8)
  2 orc priests
  2 hounds (D:5)
  3 sleepcaps
  3 iguanas
  5 orc wizards
  6 gnolls
  6 adders
  A shadow imp (D:5)
  2 ufetubi (D:6)
  3 ribbon worms (D:4)
  29 orcs
  5 bats
  4 endoplasms
  A giant cockroach (D:2)
  7 goblins
  2 hobgoblins
  2 jackals (D:5)
  A quokka (D:4)
  4 ball pythons
  A frilled lizard (D:1)
  7 kobolds
  A rat (D:2)
122 creatures vanquished.

Vanquished Creatures (others)
  An orc wizard (D:5)
  10 blazeheart cores
11 creatures vanquished.

Grand Total: 180 creatures vanquished

Notes
Turn   | Place    | Note
-------+----------+-------------------------------------------
     0 | D:1      | Aldia the Felid Summoner began the quest for the Orb.
     0 | D:1      | Reached XP level 1. HP: 9/9 MP: 4/4
   322 | D:1      | Reached XP level 2. HP: 13/13 MP: 6/6
   325 | D:1      | Learned a level 2 spell: Call Imp
  1286 | D:2      | Found a hide-covered altar of Uskayaw.
  1300 | D:2      | Reached XP level 3. HP: 16/16 MP: 4/8
  1304 | D:2      | Learned a level 3 spell: Call Canine Familiar
  2255 | D:3      | Reached XP level 4. HP: 21/21 MP: 4/9
  2255 | D:3      | Gained a life (2 lives remaining)
  2747 | D:3      | Reached skill level 5 in Summonings
  3250 | D:4      | Learned a level 4 spell: Summon Blazeheart Golem
  3304 | D:4      | Reached XP level 5. HP: 24/24 MP: 6/11
  3313 | D:4      | HP: 1/24 [orc/+0 dagger (4)]
  3424 | D:4      | Reached skill level 1 in Fire Magic
  3716 | D:4      | Gained mutation: You are covered in thick fur. (AC +2)
                  | [Felid growth]
  3716 | D:4      | Reached XP level 6. HP: 24/28 MP: 13/13
  3741 | D:4      | Found a hazy altar of Hepliaklqana.
  3821 | D:4      | Reached skill level 1 in Evocations
  3948 | D:4      | Found an ancient bone altar of Kikubaaqudgha.
  4013 | D:5      | Entered Level 5 of the Dungeon
  4132 | D:5      | Reached skill level 6 in Summonings
  4271 | D:5      | Reached XP level 7. HP: 30/32 MP: 9/14
  4279 | D:5      | Learned a level 4 spell: Summon Lightning Spire
  5091 | D:6      | Slain by an ogre
  5091 | D:6      | Lost a life (1 life remaining)
  5157 | D:6      | Found a staircase to the Ecumenical Temple.
  5166 | Temple   | Entered the Ecumenical Temple
  5173 | Temple   | Became a worshipper of Elyvilon the Healer
  5340 | D:6      | Reached skill level 5 in Spellcasting
  5508 | D:6      | Reached XP level 8. HP: 36/36 MP: 16/16
  5508 | D:6      | Gained a life (2 lives remaining)
  5573 | D:6      | Found a snail-covered altar of Cheibriados.
  5574 | D:6      | Found a blossoming altar of Fedhas.
  6056 | D:6      | Reached * piety under Elyvilon
  6432 | D:7      | HP: 1/36 [centaur (2)]
  6432 | D:7      | Elyvilon protects you from harm!
  6433 | D:7      | Slain by a centaur
  6433 | D:7      | Lost a life (1 life remaining)
  6693 | D:7      | Reached ** piety under Elyvilon
  6714 | D:7      | Reached skill level 7 in Summonings
  7226 | D:8      | Reached skill level 5 in Fire Magic
  7370 | D:8      | Found a flagged portal.
  7381 | D:8      | Reached skill level 1 in Fighting
  7381 | D:8      | Reached skill level 5 in Evocations
  7405 | Bailey   | Entered a bailey
  7425 | Bailey   | Reached skill level 1 in Air Magic
  7425 | Bailey   | Reached XP level 9. HP: 41/41 MP: 17/19
  7510 | Bailey   | Noticed an orc knight
  7554 | Bailey   | Killed an orc knight
  7614 | Bailey   | Found a large runed translucent door.
  7614 | Bailey   | Found a large runed translucent door.
  7617 | Bailey   | Noticed a deep elf pyromancer
  7733 | D:8      | Found a transporter.
  7735 | D:8      | Noticed a troll
  7736 | D:8      | Found a transporter.
  7736 | D:8      | Noticed Derpydoo's ghost (novice MiFi)
  7738 | D:8      | Noticed a boulder beetle
  7913 | D:8      | Reached skill level 8 in Summonings
  8111 | D:8      | Elyvilon protects you from harm!
  8113 | D:8      | Slain by an orc warrior
  8113 | D:8      | Lost a life (0 lives remaining)
  8154 | D:8      | Reached skill level 5 in Stealth
  8377 | D:8      | Found Nenif's Fire Supplies.
  8474 | D:8      | Elyvilon protects you from harm!
  8475 | D:8      | Mangled by an orc warrior

Illustrated notes

Levels and vault maps discovered:
D:1:      amcnicky_arrival_feature_with_door, layout_loops_corners, st_stairs_5
D:2:      layout_loops_cross, basic_altar, chequers_serial_rivers_room_a
D:3:      layout_loops_ring
D:4:      layout_cave_pools, nzn_hepliaklqana_mist_gate, lemuel_tele_altar,
          minmay_misc_feat_secret_circle
D:5:      layout_basic
D:6:      layout_cave_pods, nicolae_overflow_squiral,
          minmay_temple_entry_mini_moons
D:7:      layout_loops_ring, wad_floor_pattern_2
D:8:      layout_loops_ring, gammafunk_ghost_arena, enter_bailey_7,
          nicolae_shop_fire_sale [nicolae_sub_dead_trees]
Temple:   compressed_dpeg_circular_temple

Skill      XL: |  1  2  3  4  5  6  7  8  9 |
---------------+----------------------------+-----
Spellcasting   | 3 4 5 6 |  6.6
Summonings     | 5 6 7 8 |  8.0
Fire Magic     | 1 2 3 5 |  5.0
Evocations     | 2 3 5 |  5.0
Fighting       | 1 2 |  2.2
Air Magic      | 1 2 |  2.7
Dodging        | 4 |  4.8
Stealth        | 5 |  5.2

Action                     |  1- 3 |  4- 6 |  7- 9 || total
---------------------------+-------+-------+-------++-------
  Melee: Unarmed           |    68 |   101 |    63 ||   232
         Bite              |     6 |    14 |     8 ||    28
   Cast: Summon Small Mamm |    18 |    17 |    30 ||    65
         Call Imp          |    12 |    16 |     9 ||    37
         Call Canine Famil |     3 |    11 |    37 ||    51
         Summon Blazeheart |       |       |    17 ||    17
         Summon Lightning  |       |       |     2 ||     2
  Evoke: Wand              |       |     1 |     2 ||     3
    Use: Scroll            |     1 |     7 |     4 ||    12
         Potion            |       |     1 |       ||     1
   Stab: Sleeping          |     6 |     7 |     1 ||    14
         Paralysed         |       |     2 |     2 ||     4
         Distracted        |       |       |     1 ||     1
 Armour: Skin              |    21 |    39 |    79 ||   139
  Dodge: Dodged            |    69 |   101 |   170 ||   340
